 Dungeon Crawl Stone Soup version 0.27-a0-1136-g0b992a5a9d (webtiles) character file.

Game seed: 14453187701882663480

0 sanka the Magician (level 1, 15/15 HPs)
             Began as a Djinni Summoner on May 5, 2021.
             Was a Follower of Qazlal.
             Quit the game on level 1 of the Dungeon.
             The game lasted 00:00:48 (297 turns).

sanka the Magician (Djinni Summoner)                 Turns: 297, Time: 00:00:49

Health: 15/15      AC:  2    Str:  7    XL:     1   Next: 10%
Gold:   11         EV: 12    Int: 16    God:    Qazlal [*.....] SH:  1 Dex: 13

rFire    + + .     SeeInvis .   (no weapon)
rCold    x . .     Faith    .   (no shield)
rNeg     . . .     Spirit   .   a - +0 robe
rPois    ∞         Reflect  .   (no helmet)
rElec    .         Harm     .   (no cloak)
rCorr    .         Rampage  .   (no gloves)
Will     .....                  (boots unavailable)
Stlth    ++........             (no amulet)
HPRegen  0.05/turn              (no ring)
MPRegen  0.00/turn              (no ring)

@: flying
A: sickness immunity, fire resistance 2, cold vulnerability 1, float, innate
caster, hp casting, extra vitality 1
a: Renounce Religion


You were on level 1 of the Dungeon.
You worshipped Qazlal.
Qazlal was aware of your devotion.
You visited 1 branch of the dungeon, and saw 1 of its levels.

You collected 11 gold pieces.


Innate Abilities, Weirdness & Mutations

You are immune to sickness and miasma.
You are immune to poison.
Your flesh is very heat resistant. (rF++)
You are vulnerable to cold. (rC-)
You float through the air rather than walking.
You learn spells naturally, not from books.
Your magical power is your life essence.
You have superior vitality. (+4 HP)


   Skills:
 + Level 2.2 Dodging
 + Level 1.5 Stealth
 + Level 3.6 Spellcasting


You couldn't memorise any spells.
You knew the following spells:

 Your Spells              Type           Power      Damage    Failure   Level
c - Call Canine Familiar  Summ           14%        N/A       12%         3
v - Summon Ice Beast      Ice/Summ       14%        N/A       36%         4
x - Call Imp              Summ           14%        N/A       6%          2
z - Summon Small Mammal   Summ           56%        N/A       4%          1
X - Summon Lightning Spi  Summ/Air       14%        N/A       36%         4
Z - Summon Guardian Gole  Hex/Summ       14%        N/A       12%         3
Your spell library was empty.

Inventory:

Armour
 a - a +0 robe (worn)
Potions
 b - 2 potions of brilliance {unknown}

Dungeon Overview and Level Annotations

Branches:
Dungeon (1/15)

Altars:
Qazlal

Shops:
D:1

* ▒▒..▒ ▒. ▒▒▒▒▒▒..▒ .♣♣
▒▒...▒▒..▒ ..♣♣
▒..▒..▒..▒ ♣..♣♣
▒.▒▒.▒▒...▒▒ ♣♣ ...♣ ▒▒.
▒.⌠.▒▒..▒.
£..♣♣♣♣..♣▒▒.▒▒▒▒.▒▒▒▒...
♣......8♣ ..▒.▒.▒.▒.▒...
♣♣.⌠..R♣ ▒.♣.▒▒▒.8.▒.▒
♣.....8♣ .▒.▒.▒.▒.▒..▒
♣.♣♣♣♣..♣ ▒..▒)▒.▒.▒▒..▒
♣♣.♣♣ ▒.▒▒▒)♣.▒▒▒...
♣.♣♣▒▒▒..▒.▒.▒▒▒..▒▒
▒♣.♣.....▒.▒.▒.▒.▒...
▒.♣♣.▒▒.▒.⌠.▒▒▒.♣.▒..
▒....▒▒..▒.▒(▒.▒.▒..▒
▒▒▒▒▒▒▒▒.▒▒▒▒.▒▒▒▒.▒▒


There were no monsters in sight!


Message History

Unknown command.
The frilled lizard hisses angrily.
The frilled lizard bites you.
You closely miss the frilled lizard. The frilled lizard misses you.
You barely miss the frilled lizard. The frilled lizard bites you.
You closely miss the frilled lizard. The frilled lizard bites you.
Your bat hits the frilled lizard.
Your bat completely misses the frilled lizard.
* * * LOW HITPOINT WARNING * * *
Your bat closely misses the frilled lizard.
Your bat hits the frilled lizard.
The frilled lizard dies!
Unknown command.
You start resting.
HP restored.
Found 18 stones.
Found a faded altar of an unknown god.
Found 12 gold pieces.
There is a faded altar of an unknown god here.
You cannot tell which god this altar belongs to.
Convert to them anyway?
Qazlal accepts your prayer! Qazlal welcomes you!
Qazlal grants you and your divine allies immunity to clouds.
You are now surrounded by a storm.
Unknown command.
Press < or > to pray at altars.
Are you sure you want to abandon this character and quit the game? (Confirm with "yes".)

Action                   || total
-------------------------++-------
Melee: Unarmed           ||     3
 Cast: Summon Small Mamm ||     2
Dodge: Dodged            ||     1

Levels and vault maps discovered:
D:1:      psy_arrival_radial01, layout_loops_ring,
          shapermc_ecumenical_altar_totnotflames, serial_shops,
          nicolae_shop_stone, grunt_decor_mini_mirrors, bh_walls_and_bars

Notes
Turn   | Place    | Note
-------+----------+-------------------------------------------
     0 | D:1      | sanka the Djinni Summoner began the quest for the Orb.
     0 | D:1      | Reached XP level 1. HP: 15/15 MP: 0/0
    29 | D:1      | Found Tewazik's General Store.
   288 | D:1      | Found a faded altar of an unknown god.
   296 | D:1      | Became a worshipper of Qazlal Stormbringer
   296 | D:1      | Reached * piety under Qazlal
   297 | D:1      | Quit the game

Vanquished Creatures (collateral kills)
  A frilled lizard (D:1)
1 creature vanquished.
